 Dungeon Crawl Stone Soup version 0.28.0-43-g3370ac3207 (webtiles) character file.

Game seed: 13881973591671962824

142 MisterFreud the Skirmisher (level 5, 0/50 HPs)
             Began as a Minotaur Abyssal Knight on Mar 7, 2022.
             Was a Follower of Lugonu.
             Succumbed to a hobgoblin's poison
             ... on level 2 of the Dungeon.
             The game lasted 00:02:11 (2440 turns).

MisterFreud the Skirmisher (MiAK)                   Turns: 2440, Time: 00:02:11

Health: 0/50       AC:  3    Str: 19    XL:     5   Next: 3%
Magic:  14/14      EV: 11    Int:  7    God:    Lugonu [*.....]
Gold:   67         SH:  0    Dex: 11    Spells: 4/4 levels left

rFire   . . .      SeeInvis .   c - +2 short sword (elec)
rCold   . . .      Faith    .   (no shield)
rNeg    . . .      Spirit   .   b - +0 leather armour
rPois   .          Reflect  .   (helmet restricted)
rElec   .          Harm     .   (no cloak)
rCorr   .          Rampage  .   (no gloves)
Will    .....                   (no boots)
Stlth   +.........              (no amulet)
HPRegen 0.16/turn               f - ring of magical power
MPRegen 0.14/turn               (no ring)

@: lethally poisoned (0 -> -11), flying
A: horns 2, retaliatory headbutt
a: Renounce Religion, Depart the Abyss


You were on level 2 of the Dungeon.
You worshipped Lugonu.
Lugonu was aware of your devotion.
You visited 1 branch of the dungeon, and saw 3 of its levels.
You visited the Abyss 1 time.

You collected 67 gold pieces.

Inventory:

Hand Weapons
 a - a +1 falchion
 c - a +2 short sword of electrocution (weapon)
Armour
 b - a +0 leather armour (worn)
Jewellery
 f - a ring of magical power (left hand)
Scrolls
 d - a scroll of identify
 e - 2 scrolls of teleportation
 h - a scroll of fog {unknown}


   Skills:
 - Level 6.0 Fighting
 - Level 2.5 Long Blades
 + Level 3.3 Armour
 - Level 1.2 Dodging
 + Level 2.5 Invocations


You had 4 spell levels left.
You didn't know any spells.
Your spell library was empty.

Dungeon Overview and Level Annotations

Branches:
Dungeon (3/15)

Altars:


Innate Abilities, Weirdness & Mutations

You have a pair of horns on your head.
You reflexively headbutt those who attack you in melee.


Message History

You hit the water moccasin zombie.
Lightning courses through the water moccasin zombie!
You destroy the water moccasin zombie!
Lugonu accepts your kill.
Your Armour skill increases to level 3!
You have reached level 5!
You start resting.
A hobgoblin comes into view. It is quivering poisoned darts.
A hobgoblin is nearby!
You are too injured to fight recklessly!
The hobgoblin throws a poisoned dart.
The poisoned dart hits you.
You are poisoned.
You feel sick.
You feel sick.
You feel sick.
You feel sick.
The hobgoblin throws a poisoned dart.
The poisoned dart hits you!
You are more poisoned.
There is a stone staircase leading up here.
* * * LOW HITPOINT WARNING * * *
You feel sick.
The hobgoblin throws a poisoned dart.
The poisoned dart hits you!
You are lethally poisoned!
You climb upwards.
* * * LOW HITPOINT WARNING * * *
You feel extremely sick.
There is a stone staircase leading down here.
It was a potion of flight.
You feel very buoyant.
You fly up into the air.
* * * LOW HITPOINT WARNING * * *
You feel very sick.
You aren't carrying any potions.
Unknown command.
Okay, then.
Unknown command.
As you read the scroll labelled XODGHO JUCEIF, it crumbles to dust.
It is a scroll of identify.
e - 2 scrolls of teleportation You die...

.## ##....# #.#..##.#.##.#
#.###.###.# #.#..#.......#
##.#.####.# #............#
.....(....# ###..#.......#
..รท....##(# #....>.....#
###.##.##.# ##.#.......#
#.##.##.# #.#.......#
#...#.#.######.#.......#
##.###........@#######.#
##.#...######## #.#
######.##.# #.#
......#...# #.#
######.#################.#
### ##.####..............#
..###.........[...########
.......####.#####.#
.##.#..## #.# #.#


There were no monsters in sight!

Vanquished Creatures
  A water moccasin zombie (D:3)
  4 gnolls (D:2)
  An adder (D:2)
  2 worms (D:2)
  4 ball pythons
  5 bats
  5 endoplasms
  A giant cockroach (D:2)
  3 hobgoblins
  3 kobolds
  6 goblins
  2 rats (D:1)
37 creatures vanquished.

Notes
Turn   | Place    | Note
-------+----------+-------------------------------------------
     0 | Abyss:1  | MisterFreud the Minotaur Abyssal Knight began the quest for
                  | the Orb.
     0 | Abyss:1  | Reached XP level 1. HP: 19/19 MP: 1/1
    42 | Abyss:1  | Noticed a small abomination
    43 | D:1      | Escaped the Abyss
   308 | D:1      | Reached skill level 4 in Fighting
   308 | D:1      | Reached XP level 2. HP: 27/27 MP: 2/2
   404 | D:1      | Found a faded altar of an unknown god.
   598 | D:1      | Reached * piety under Lugonu
  1608 | D:2      | Reached XP level 3. HP: 24/35 MP: 3/3
  1610 | D:2      | Reached skill level 5 in Fighting
  1782 | D:2      | Reached XP level 4. HP: 44/44 MP: 4/4
  2080 | D:2      | Reached skill level 6 in Fighting
  2420 | D:3      | Reached XP level 5. HP: 15/50 MP: 5/5
  2439 | D:2      | HP: 2/50 [poisoned by a hobgoblin]
  2440 | D:2      | Succumbed to a hobgoblin's poison

Illustrated notes

Levels and vault maps discovered:
D:1:      dpeg_arrival_connections, layout_loops_corners,
          hellmonk_ecumenical_altar_inner_sanctum, lemuel_flame_loot_1
D:2:      layout_loops_ring, glass_columns_c
D:3:      layout_rooms

Skill      XL: |  1  2  3  4 |
---------------+-------------+-----
Fighting       | 4 5 6 |  6.0
Invocations    | 2 |  2.5
Armour         | 3 |  3.3
Long Blades    | |  2.5
Dodging        | |  1.2

Action                   |  1- 3 |  4- 6 || total
-------------------------+-------+-------++-------
Melee: Falchion          |     8 |       ||     8
       Short sword       |    37 |    31 ||    68
       Headbutt          |     8 |     3 ||    11
Invok: Depart the Abyss  |     1 |       ||     1
  Use: Scroll            |       |     1 ||     1
       Potion            |       |     1 ||     1
Armor: Leather armour    |     5 |     6 ||    11
Dodge: Dodged            |    22 |    22 ||    44
